 Dungeon Crawl Stone Soup version 0.15.2 (webtiles) character file.

81 kae the Sneak (level 4, 0/21 HPs)
             Began as a Spriggan Enchanter on Dec 22, 2014.
             Slain by a worm (8 damage)
             ... on Level 2 of the Dungeon.
             The game lasted 00:01:47 (1333 turns).

kae the Sneak (Spriggan Enchanter)                  Turns: 1333, Time: 00:01:48

HP   0/21        AC  3     Str  5      XL: 4   Next: 20%
MP   8/13        EV 18     Int 16      God:
Gold 25          SH  0     Dex 16      Spells:  3 memorised,  3 levels left

rFire  . . .     SeeInvis +     a - +1 dagger
rCold  . . .     Clarity  .     b - +1 robe
rNeg   . . .     rCorr    .     (shield restricted)
rPois  .         rRot     .     (helmet restricted)
rElec  .         Spirit   .     (no cloak)
SustAb .         Warding  .     (gloves unavailable)
rMut   .         Stasis   .     (boots unavailable)
Gourm  .                        (no amulet)
MR     .....                    (no ring)
                                (no ring)

@: very quick, not resistant to hostile enchantments, stealthy
A: unfitting armour, see invisible, herbivore 3, speed 3, slow metabolism 2
a: no special abilities


You were on level 2 of the Dungeon.
You were not hungry.

You visited 1 branch of the dungeon, and saw 2 of its levels.

You collected 25 gold pieces.

Inventory:

Hand weapons
 a - a +1 dagger (weapon)
Armour
 b - a +1 robe (worn)
Scrolls
 f - a scroll of identify {unknown}
 i - a scroll of magic mapping {unknown}
Jewellery
 g - a cursed -5 ring of slaying {unknown}
Potions
 d - a potion of porridge
 e - 2 potions of flight {unknown}
 h - a potion of heal wounds {unknown}
Books
 c - a book of Maledictions

   Spells                             Type                      Level
   *Corona                            Hexes                        1
   Sure Blade                         Hexes/Charms                 2
   *Ensorcelled Hibernation           Hexes/Ice                    2
   *Confuse                           Hexes                        3
   Dazzling Spray                     Conjuration/Hexes            3
   Enslavement                        Hexes                        4


   Skills:
 * Level 2.3 Short Blades
 - Level 3.0 Dodging
 * Level 6.0 Stealth
 + Level 3.1 Spellcasting
 + Level 4.2 Hexes


You had 3 spell levels left.
You knew the following spells:

 Your Spells              Type           Power        Failure   Level  Hunger
a - Corona                Hex            ###....      3%          1    None
b - Ensorcelled Hibernat  Hex/Ice        #.....       14%         2    ##.....
c - Confuse               Hex            ###.....     12%         3    ###....


Dungeon Overview and Level Annotations

Branches:
Dungeon (2/15)

Altars:

Annotations:
D:2 Sigmund


Innate Abilities, Weirdness & Mutations

You are tiny and cannot use many weapons and most armour.
You have supernaturally acute eyesight.
You are a herbivore.
You cover ground extremely quickly.
You need consume almost no food.


Message History

A worm is nearby!
A worm is nearby!
A rat comes into view.
The helpless worm fails to defend itself.
You impale the worm!!
The worm is almost dead.
You barely miss the worm.
The worm is almost dead.
The worm bites you!
You barely miss the worm.
The worm is almost dead.
You hit the worm.
The worm is almost dead.
The worm bites you.
You hit the worm.
The worm is almost dead.
You barely miss the worm.
The worm is almost dead.
The worm bites you!
You die...

....(................
#.#..).###...........#
#.###### #...........#
#.# #...........# #.#
####......## #.#
#......# #.# ##....##
≈ #.#
.P≈≈#......#≈≈≈≈. ..#
P≈≈≈....@...≈≈≈≈. ..#
≈≈≈≈#....w.#≈≈≈≈. ..#
≈≈.###....## .≈≈ ..#
≈≈ #...... ≈ ..#
≈........ ..#
≈≈#......#≈ ..#
###..r.###. #.# ......
#.# ...


You could see a worm and a rat (sleeping).

Vanquished Creatures
  Ijyb (D:2)
  3 adders (D:2)
  A worm (D:2)
  A giant cockroach (D:1)
  2 hobgoblins
  5 kobolds (D:1)
  3 giant newts
  6 goblins
  2 jackals (D:1)
  6 rats
  2 toadstools (D:1)
32 creatures vanquished.

Vanquished Creatures (others)
  2 toadstools (D:1)
2 creatures vanquished.

Grand Total: 34 creatures vanquished

Notes
Turn   | Place    | Note
--------------------------------------------------------------
     0 | D:1      | kae, the Spriggan Enchanter, began the quest for the Orb.
     0 | D:1      | Reached XP level 1. HP: 9/9 MP: 4/4
   327 | D:1      | Reached XP level 2. HP: 13/13 MP: 7/7
   331 | D:1      | Learned a level 2 spell: Ensorcelled Hibernation
   605 | D:1      | Reached skill level 5 in Stealth
   838 | D:2      | Reached XP level 3. HP: 16/16 MP: 9/9
   843 | D:2      | Learned a level 3 spell: Confuse
  1001 | D:2      | Noticed Sigmund
  1235 | D:2      | Noticed Ijyb
  1255 | D:2      | Killed Ijyb
  1255 | D:2      | Reached skill level 6 in Stealth
  1255 | D:2      | Reached XP level 4. HP: 14/21 MP: 2/13
  1333 | D:2      | Slain by a worm

Action                   |  1- 3 |  4- 6 || total
-------------------------+-------+-------++-------
Melee: Dagger            |    94 |     8 ||   102
 Cast: Corona            |     2 |       ||     2
       Ensorcelled Hiber |    12 |       ||    12
 Stab: Sleeping          |    16 |     1 ||    17
